 Dungeon Crawl Stone Soup version 0.28-a0-519-gbfeecf2fc5 (webtiles) character file.

Game seed: 2846279195891518915

4001 mathmaestro the Ruffian (level 10, -5/147 HPs)
             Began as a Troll Monk on Sept 24, 2021.
             Slain by Joseph (16 damage)
             ... on level 8 of the Dungeon.
             The game lasted 00:12:14 (7761 turns).

mathmaestro the Ruffian (Troll Monk)                Turns: 7761, Time: 00:12:15

Health: -5/147     AC:  4    Str: 29 (30) XL:     10   Next: 3%
Magic:  9/9        EV: 13    Int:  4 (6)  God:
Gold:   619        SH:  0    Dex: 17 (18) Spells: 9/9 levels left

rFire   + . .      SeeInvis .     - Unarmed
rCold   + . .      Faith    .   (no shield)
rNeg    . . .      Spirit   .   a - +0 robe
rPois   .          Reflect  .   (helmet restricted)
rElec   .          Harm     .   y - scarf {rC+ rF+}
rCorr   .          Rampage  .   (gloves unavailable)
Will    .....                   (boots unavailable)
Stlth   ..........              t - amulet of magic regeneration
HPRegen 1.34/turn               A - +6 ring of strength
MPRegen 0.36/turn               e - +6 ring of dexterity

@: berserking, very quick
A: large, unfitting armour, claws 3, regeneration 1, shaggy fur 1, tough skin 1
a: no special abilities


You were on level 8 of the Dungeon.
You visited 2 branches of the dungeon, and saw 9 of its levels.
You also visited: Ossuary.

You collected 619 gold pieces.

Inventory:

Hand Weapons
 h - a +4 whip of electrocution
Missiles
 f - 244 arrows
 i - 332 stones (quivered)
 k - 37 sling bullets
 s - 5 boomerangs
 u - 41 poisoned darts
 v - 10 bolts
Armour
 a - a +0 robe (worn)
 l - a +1 kite shield
 y - a scarf of resistance (worn)
Jewellery
 e - a +6 ring of dexterity (right claw)
 q - a ring of see invisible
 t - an amulet of magic regeneration (around neck)
 A - a +6 ring of strength (left claw)
Wands
 r - a wand of digging (3)
 B - a wand of iceblast (11)
Scrolls
 j - 3 scrolls of identify
 n - a scroll of teleportation
 w - 2 scrolls of fog
 x - a scroll of immolation
 z - a scroll of summoning {unknown}
 C - a scroll of enchant armour
Potions
 b - 3 potions of haste
 c - a potion of brilliance {unknown}
 d - 2 potions of might
 g - 3 potions of curing
 m - a potion of lignification {unknown}
 o - a potion of cancellation {unknown}
 D - a potion of degeneration
 E - a potion of berserk rage
Miscellaneous
 p - a piece from Xom's chessboard (15/15)


   Skills:
 + Level 6.0 Fighting
 + Level 5.5 Throwing
 + Level 6.1 Dodging
 - Level 1.0 Stealth
 + Level 4.9 Shields
 + Level 7.3 Unarmed Combat
 + Level 0.5 Evocations


You had 9 spell levels left.
You didn't know any spells.
Your spell library contained the following spells:

 Spells                   Type           Power      Damage    Failure   Level
 Beastly Appendage        Tmut           0%         N/A       50%         1
 Magic Dart               Conj           0%         1d3       50%         1
 Searing Ray              Conj           0%         2d4       65%         2
 Wereblood                Tmut           0%         N/A       65%         2
 Spider Form              Tmut/Pois      0%         N/A       86%         3
 Fulminant Prism          Conj/Hex       0%         3d6       99%         4


Dungeon Overview and Level Annotations

Branches:
Dungeon (8/15)             Temple (1/1) D:6         Ossuary (visited)
   Lair: D:8-11

Altars:
Ashenzari
Cheibriados
Dithmenos
Elyvilon
Fedhas
Gozag
Hepliaklqana
Kikubaaqudgha
Makhleb
Nemelex Xobeh
Okawaru
Qazlal
Sif Muna
Trog
Uskayaw
Vehumet
Wu Jian
Xom
Yredelemnul
Zin
The Shining One

Shops:
D:2 :   D:6 *

Annotations:
D:8 Joseph


Innate Abilities, Weirdness & Mutations

You are too large for most types of armour.
You have claws for hands.
Your natural rate of healing is unusually fast.
You are covered in fur. (AC +1)
You have tough skin. (AC +1)


Message History

You are too injured to fight recklessly!
You are too injured to fight recklessly!
You are too injured to fight recklessly!
You are too injured to fight recklessly!
You are too injured to fight recklessly!
You are too injured to fight recklessly!
You are too injured to fight recklessly!
You are too injured to fight recklessly!
You are too injured to fight recklessly!
You are too injured to fight recklessly!
You are too injured to fight recklessly!
You are too injured to fight recklessly!
You are too injured to fight recklessly!
You are too injured to fight recklessly!
You are too injured to fight recklessly!
You are too injured to fight recklessly!
You are too injured to fight recklessly!
You are too injured to fight recklessly!
You are too injured to fight recklessly!
You closely miss Joseph. Joseph hits you with a +0 quarterstaff!
* * * LOW HITPOINT WARNING * * *
You barely miss Joseph.
You feel better.
Joseph hits you with a +0 quarterstaff!!
* * * LOW HITPOINT WARNING * * *
You scratch Joseph.
Joseph is lightly wounded.
Joseph hits you with a +0 quarterstaff.
* * * LOW HITPOINT WARNING * * *
You feel better. Joseph hits you with a +0 quarterstaff!
* * * LOW HITPOINT WARNING * * *
It was a potion of degeneration.
There was something very wrong with that liquid.
You feel weakened.
You feel dopey.
You feel clumsy. Joseph barely misses you.
It was a potion of berserk rage.
A red film seems to cover your vision as you go berserk!
You feel yourself moving faster!
You feel mighty! Joseph barely misses you.
You completely miss Joseph. Joseph hits you with a +0 quarterstaff!
You die...

.#.##.....#...##.........##......
...##.........##.........##......
#####.....######.........##......
..........# #....####..+......
######....# #....# ####......
###'############ #......
#.##.......# ######. #..'.......+
#. ####.....@.# #. #......@# #.
#....[..# #. #####.....< ...
#....... ..... #.......# ....
........# ..... #.......# ... ..#


You could see Joseph.

Vanquished Creatures
  Psyche (D:8)
  A steam dragon (D:7)
  Menkaure (D:4)
  A water moccasin (D:6)
  A sky beast (D:8)
  An ice beast (D:5)
  4 ogres
  5 centaurs
  2 kobold brigands (D:7)
  A gnoll sergeant (D:7)
  6 elf zombies (Ossuary)
  A bullfrog (D:7)
  A wyvern zombie (D:7)
  2 scorpions
  A water moccasin skeleton (D:5)
  3 killer bees (D:8)
  5 wights
  A howler monkey (D:7)
  4 centaur zombies (Ossuary)
  2 human zombies (Ossuary)
  A bullfrog skeleton (D:5)
  4 hounds
  3 jellies
  5 orc priests
  2 gnoll shamans (D:7)
  6 iguanas
  5 orc wizards
  3 mummies (Ossuary)
  10 gnolls
  6 adders
  A shadow imp (D:6)
  A white imp (D:8)
  2 ufetubi (D:4)
  2 adder skeletons (D:4)
  A worm (D:3)
  A dart slug (D:4)
  15 orcs
  3 ball pythons
  9 bats
  10 endoplasms
  4 giant cockroaches
  6 goblins
  14 hobgoblins
  3 quokkas
  3 frilled lizards
  21 kobolds
  10 rats
195 creatures vanquished.

Vanquished Creatures (others)
  31 plants (D:7)
31 creatures vanquished.

Grand Total: 226 creatures vanquished

Notes
Turn   | Place    | Note
-------+----------+-------------------------------------------
     0 | D:1      | mathmaestro the Troll Monk began the quest for the Orb.
     0 | D:1      | Reached XP level 1. HP: 22/22 MP: 0/0
    88 | D:1      | Reached XP level 2. HP: 24/29 MP: 1/1
  1059 | D:2      | Reached XP level 3. HP: 35/36 MP: 2/2
  1324 | D:2      | Found Foebam's Book Shop.
  1364 | D:2      | Found an opulent altar of Gozag.
  1389 | D:2      | Reached XP level 4. HP: 33/45 MP: 3/3
  2054 | D:3      | Reached skill level 1 in Throwing
  2054 | D:3      | Reached skill level 4 in Unarmed Combat
  2054 | D:3      | Reached XP level 5. HP: 36/53 MP: 4/4
  2073 | D:3      | Reached skill level 1 in Shields
  2075 | D:3      | Reached XP level 6. HP: 24/61 MP: 5/5
  2701 | D:4      | Noticed Menkaure
  2709 | D:4      | Killed Menkaure
  2950 | D:4      | Reached XP level 7. HP: 64/68 MP: 6/6
  3440 | D:5      | Entered Level 5 of the Dungeon
  3505 | D:5      | Found a stormy altar of Qazlal.
  3564 | D:5      | Found a sparkling altar of Nemelex Xobeh.
  3629 | D:5      | Reached skill level 5 in Unarmed Combat
  3924 | D:5      | Reached XP level 8. HP: 79/79 MP: 7/7
  4476 | D:6      | Found Tuskices's CLEARANCE SALE!.
  4596 | D:6      | Found a staircase to the Ecumenical Temple.
  4625 | Temple   | Entered the Ecumenical Temple
  5216 | D:7      | Found a sand-covered staircase.
  5324 | Ossuary  | Entered an ossuary
  5348 | Ossuary  | Reached skill level 5 in Dodging
  5351 | Ossuary  | Reached skill level 5 in Fighting
  5351 | Ossuary  | Reached skill level 6 in Unarmed Combat
  5413 | Ossuary  | Reached XP level 9. HP: 54/88 MP: 8/8
  5788 | D:7      | Found an iron altar of Okawaru.
  6036 | D:7      | Found a glowing golden altar of the Shining One.
  6110 | D:7      | Found an ancient bone altar of Kikubaaqudgha.
  6110 | D:7      | Found a shimmering blue altar of Sif Muna.
  6115 | D:7      | Found a burning altar of Makhleb.
  6599 | D:7      | Reached skill level 5 in Throwing
  6849 | D:7      | Reached skill level 7 in Unarmed Combat
  7612 | D:8      | Noticed Psyche
  7619 | D:8      | Killed Psyche
  7638 | D:8      | Reached XP level 10. HP: 83/98 MP: 9/9
  7747 | D:8      | Noticed Joseph
  7761 | D:8      | Slain by Joseph

Illustrated notes

Levels and vault maps discovered:
D:1:      psy_arrival_radial01, layout_loops_corners, kennysheep_another_room,
          st_stairs_1, minmay_octomino_j4
D:2:      layout_basic, serial_shops, shop, basic_altar
D:3:      layout_basic, minmay_misc_feat_room, st_stairs_10
D:4:      layout_loops_ring, minmay_distorted, uniq_menkaure
D:5:      layout_loops_ring, lemuel_doored_altar, nemelex_spade_bored_becter
D:6:      layout_cave_pods, minmay_temple_entry_water_ring,
          nicolae_shop_clearance
D:7:      kennysheep_housing_project, layout_basic, okawaru_ov_weapons_minmay,
          grunt_temple_overflow_open, nicolae_ossuary_entry_ruins,
          grunt_decor_clamped
D:8:      layout_basic, chequers_jeans, uniq_psyche, uniq_joseph
Temple:   cyrus_circular_temple

Skill      XL: |  1  2  3  4  5  6  7  8  9 |
---------------+----------------------------+-----
Fighting       | 3 4 5 6 |  6.0
Dodging        | 3 4 5 6 |  6.1
Throwing       | 1 2 3 4 5 |  5.5
Unarmed Combat | 4 5 6 7 |  7.3
Shields        | 1 2 3 4 |  4.9
Stealth        | |  1.0
Evocations     | |  0.5

Action                   |  1- 3 |  4- 6 |  7- 9 | 10-12 || total
-------------------------+-------+-------+-------+-------++-------
Melee: Unarmed           |    91 |   111 |   397 |    11 ||   610
       Punch             |       |     3 |    12 |       ||    15
Throw: Throwing net      |       |       |     1 |       ||     1
  Use: Scroll            |       |     3 |    11 |       ||    14
       Potion            |       |       |     4 |     4 ||     8
 Stab: Sleeping          |     2 |     4 |     4 |       ||    10
Armor: Robe              |    34 |    23 |   115 |     2 ||   174
Dodge: Dodged            |    45 |    52 |   241 |    10 ||   348

Table legend: (Time is in decaauts)
 A = Elapsed time spent in this place.
 B = Non-inter-level travel time spent in this place.
 C = Inter-level travel time spent in this place.
 D = Time resting spent in this place.
 E = Time spent auto-exploring this place.
 F = Levels seen in this place.
 G = Mean time per level.
                   A        B        C        D        E       F      G
               +--------+--------+--------+--------+--------+-----+--------+
         Total |   7701 |   7385 |    316 |    488 |   5478 |  10 |  770.1 |
       Dungeon |   7443 |   7136 |    307 |    461 |   5383 |   8 |  930.4 |
        Temple |     51 |     42 |      9 |      0 |     34 |   1 |   51.0 |
       Ossuary |    206 |    206 |      0 |     27 |     61 |   1 |  206.0 |
               +--------+--------+--------+--------+--------+-----+--------+

Top non-repeatable levels by time:
     D:7: 1829 daAuts
     D:1: 1016 daAuts
     D:6: 861 daAuts
     D:5: 849 daAuts
     D:2: 836 daAuts
     D:3: 812 daAuts
     D:4: 759 daAuts
     D:8: 477 daAuts
 Ossuary: 206 daAuts
  Temple: 51 daAuts
